 Dungeon Crawl Stone Soup version 0.31-a0-174-g85c54bcb58 (webtiles) character file.

Game seed: 7634034782479286369

464 qw the Shooter (level 7, 0/64 HPs)
             Began as a Naga Hunter on June 15, 2023.
             Slain by an orc
             ... wielding a +0 club
              (1 damage)
             ... on level 4 of the Dungeon.
             The game lasted 00:01:12 (3723 turns).

qw the Shooter (Naga Hunter)                        Turns: 3723, Time: 00:01:13

Health: 0/64       AC:  4    Str: 14    XL:     7   Next: 8%
Magic:  7/7        EV:  9    Int:  9    God:
Gold:   192        SH:  0    Dex: 16    Spells: 6/6 levels left

rFire   . . .        Y - +1 shortbow
rCold   . . .        (shield currently unavailable)
rNeg    . . .        c - +0 leather armour
rPois   +            (no helmet)
rElec   .            (no cloak)
rCorr   .            f - +0 pair of gloves
SInv    +            (no barding)
Will    .....        (no amulet)
Stlth   ++           (no ring)
HPRegen 0.30/turn    (no ring)
MPRegen 0.10/turn

%: no passive effects
@: short of breath, very slow
A: AC +2, large, see invisible, deformed body, poison resistance, slowness 2,
spit poison 1, naga tail 1
a: Spit Poison


You were on level 4 of the Dungeon.
You visited 1 branch of the dungeon, and saw 4 of its levels.

You collected 192 gold pieces.


Innate Abilities, Weirdness & Mutations

Your serpentine skin is tough. (AC +2)
You have supernaturally acute eyesight. (SInv)
Armour fits poorly on your strangely shaped body.
Your system is resistant to poisons. (rPois)
You cover ground very slowly.
You can spit poison.
You have a snake-like lower body.


   Skills:
 - Level 4.2 Fighting
 + Level 6.6 Ranged Weapons
 - Level 1.5 Dodging
 - Level 1.5 Stealth


You had 6 spell levels left.
You didn't know any spells.
Your spell library was empty.

Inventory:

Hand Weapons
 Y - a +1 shortbow (weapon)
Armour
 c - a +0 leather armour (worn)
 f - a +0 pair of gloves (worn)
Scrolls
 e - 2 scrolls of identify
 h - 2 scrolls of silence {unknown}
 k - a scroll of enchant armour {unknown}
Potions
 a - a potion of ambrosia {unknown}
 b - 2 potions of curing
 d - a potion of attraction {unknown}
 g - a potion of magic {unknown}
 i - a potion of heal wounds {unknown}
 j - 2 potions of might {unknown}

Dungeon Overview and Level Annotations

Branches:
Dungeon (4/15)
 Temple: D:4-7

Altars:
Ashenzari
Elyvilon

Shops:
D:1 (   D:4 *


Message History

The arrow hits the orc warrior but does no damage.
The orc warrior is severely wounded.
The orc warrior barely misses you. The orc barely misses you.
The orc hits you with a +0 mace.
You shoot an arrow.
The arrow closely misses the orc warrior.
The orc warrior closely misses you. The orc hits you but does no damage.
The orc barely misses you.
You shoot an arrow. The arrow hits the orc warrior.
The orc warrior is almost dead.
The orc warrior hits you with a +0 flail.
The orc hits you but does no damage. The orc hits you with a +0 mace.
The orc warrior hits you with a +0 flail.
The orc misses you. The orc hits you with a +0 mace.
You shoot an arrow. The arrow hits the orc warrior.
You kill the orc warrior!
You have got your breath back.
The orc barely misses you. The orc closely misses you.
You have reached level 7!
3719 ||| INVOKING Spit Poison.
Aiming: Spit Poison (1% risk of failure)
Press: ? - help, Shift-Dir - straight line, f - orc The splash of poison hits the orc.
The orc is poisoned.
The orc is heavily wounded.
The orc barely misses you.
You shoot an arrow. The arrow barely misses the orc.
The orc hits you but does no damage. The orc barely misses you.
The orc priest miscasts a cantrip.
You shoot an arrow. The arrow hits the orc.
You kill the orc!
The orc barely misses you.
The orc priest hits you with a +0 dagger.
You shoot an arrow.
The arrow hits the orc priest but does no damage.
The orc hits you with a +0 club.
The orc priest hits you with a +0 dagger.
You shoot an arrow.
The arrow closely misses the orc priest.
The orc hits you with a +0 club.
You die...

##........ ~~
.#......~.....#........#
#~##~~~~...........####...#
~~~~~~~~.~~~~~~~~ ##..#
~~~~~~~~.~~~~~~~ #..#
#.~~~.~.~~..~. ###..#
#..~.~~..~~~.# #....# ...
#..#..o)#...#######.... ..
#.....@o...... ..##.... #.
#...####)##### #.##...#
#.## #...## .. #.##....
#..# ##....## ..# #.......
#..###......# .# #.......
#..##.....## .. #....... #
##....).#..# # #.......
#####...###....# #.###...
...#..### #...## #.# ##..


You could see an orc priest and an orc.

Vanquished Creatures
  An orc warrior (D:4)
  2 orc priests (D:4)
  Terence (D:3)
  3 orc wizards (D:4)
  Natasha (twice) (D:2)
  5 adders
  2 worms
  A dart slug (D:1)
  11 orcs
  9 bats
  8 endoplasms
  5 giant cockroaches
  10 hobgoblins
  4 jackals
  4 kobolds
  4 quokkas
  4 ball pythons
  2 frilled lizards (D:1)
  2 goblins
  7 rats
87 creatures vanquished.

Vanquished Creatures (others)
  An orc wizard (D:4)
1 creature vanquished.

Grand Total: 88 creatures vanquished

Notes
Turn   | Place    | Note
-------+----------+-------------------------------------------
     0 | D:1      | qw the Naga Hunter began the quest for the Orb.
     0 | D:1      | Reached XP level 1. HP: 19/19 MP: 1/1
     0 | D:1      | 0 ||| qw: Version: 0.2-a-29-g511e9b1
     0 | D:1      | 0 ||| qw: Game counter: 5462
     0 | D:1      | 0 ||| qw: Always use a shield: true
     0 | D:1      | 0 ||| qw: God list: Okawaru
     0 | D:1      | 0 ||| qw: Allow faded altars: false
     0 | D:1      | 0 ||| qw: Do Orc after D:15 true
     0 | D:1      | 0 ||| qw: Do second Lair branch before Depths: true
     0 | D:1      | 0 ||| qw: Lair rune preference: random
     0 | D:1      | 0 ||| qw: Plans: Normal
     0 | D:1      | 0 ||| PLANNING D:1-11
    11 | D:1      | 11 ||| INVOKING Spit Poison.
    17 | D:1      | 17 ||| INVOKING Spit Poison.
    31 | D:1      | 31 ||| INVOKING Spit Poison.
    52 | D:1      | 52 ||| INVOKING Spit Poison.
    59 | D:1      | Reached skill level 4 in Ranged Weapons
    59 | D:1      | Reached XP level 2. HP: 23/26 MP: 2/2
    82 | D:1      | 82 ||| INVOKING Spit Poison.
   140 | D:1      | 140 ||| INVOKING Spit Poison.
   293 | D:1      | 293 ||| INVOKING Spit Poison.
   297 | D:1      | 297 ||| INVOKING Spit Poison.
   335 | D:1      | 335 ||| INVOKING Spit Poison.
   368 | D:1      | 368 ||| INVOKING Spit Poison.
   375 | D:1      | 375 ||| INVOKING Spit Poison.
   378 | D:1      | 378 ||| INVOKING Spit Poison.
   432 | D:1      | 432 ||| INVOKING Spit Poison.
   450 | D:1      | Found Cuher's Weapon Boutique.
   540 | D:1      | 540 ||| INVOKING Spit Poison.
   578 | D:1      | 578 ||| INVOKING Spit Poison.
   585 | D:1      | 585 ||| INVOKING Spit Poison.
   612 | D:1      | 612 ||| INVOKING Spit Poison.
   619 | D:1      | 619 ||| INVOKING Spit Poison.
   873 | D:1      | 873 ||| READING 2 scrolls labelled ECHAUBEF MOO.
   874 | D:1      | 874 ||| READING scroll labelled ARATAT LUEGOOL.
   875 | D:1      | 875 ||| READING scroll labelled JEPNUO MINUETS.
   876 | D:1      | 876 ||| DROPPING scroll of revelation.
   877 | D:1      | 877 ||| DROPPING scroll of butterflies.
   928 | D:2      | 928 ||| INVOKING Spit Poison.
   929 | D:2      | Reached XP level 3. HP: 32/32 MP: 3/3
   932 | D:2      | 932 ||| INVOKING Spit Poison.
   968 | D:2      | 968 ||| INVOKING Spit Poison.
  1035 | D:2      | Noticed Natasha
  1038 | D:2      | 1038 ||| INVOKING Spit Poison.
  1041 | D:2      | 1041 ||| INVOKING Spit Poison.
  1043 | D:2      | Killed Natasha
  1081 | D:2      | Noticed Natasha
  1084 | D:2      | 1084 ||| INVOKING Spit Poison.
  1086 | D:2      | Killed Natasha
  1087 | D:2      | Reached skill level 5 in Ranged Weapons
  1087 | D:2      | Reached XP level 4. HP: 29/39 MP: 4/4
  1133 | D:2      | 1133 ||| INVOKING Spit Poison.
  1160 | D:2      | 1160 ||| INVOKING Spit Poison.
  1230 | D:2      | 1230 ||| INVOKING Spit Poison.
  1235 | D:2      | 1235 ||| INVOKING Spit Poison.
  1317 | D:2      | 1317 ||| INVOKING Spit Poison.
  1325 | D:2      | 1325 ||| INVOKING Spit Poison.
  1412 | D:2      | 1412 ||| INVOKING Spit Poison.
  1434 | D:2      | 1434 ||| INVOKING Spit Poison.
  1497 | D:2      | 1497 ||| INVOKING Spit Poison.
  1581 | D:2      | 1581 ||| INVOKING Spit Poison.
  1586 | D:2      | 1586 ||| INVOKING Spit Poison.
  1590 | D:2      | Reached XP level 5. HP: 48/48 MP: 5/5
  1718 | D:2      | 1718 ||| READING scroll labelled WIHEOBE YRA.
  1719 | D:2      | 1719 ||| READING scroll labelled YMIDYM DUQA.
  1722 | D:2      | 1722 ||| DRINKING 2 glowing pink potions.
  1723 | D:2      | 1723 ||| DROPPING potion of enlightenment.
  1741 | D:3      | 1741 ||| INVOKING Spit Poison.
  1744 | D:3      | 1744 ||| INVOKING Spit Poison.
  1750 | D:3      | 1750 ||| INVOKING Spit Poison.
  1754 | D:3      | Reached skill level 3 in Fighting
  1755 | D:3      | 1755 ||| INVOKING Spit Poison.
  1774 | D:3      | 1774 ||| INVOKING Spit Poison.
  1821 | D:3      | 1821 ||| INVOKING Spit Poison.
  1925 | D:3      | 1925 ||| INVOKING Spit Poison.
  1929 | D:3      | 1929 ||| INVOKING Spit Poison.
  2180 | D:3      | 2180 ||| INVOKING Spit Poison.
  2186 | D:3      | 2186 ||| INVOKING Spit Poison.
  2236 | D:3      | 2236 ||| INVOKING Spit Poison.
  2250 | D:3      | Noticed Terence
  2252 | D:3      | 2252 ||| INVOKING Spit Poison.
  2258 | D:3      | 2258 ||| INVOKING Spit Poison.
  2262 | D:3      | 2262 ||| INVOKING Spit Poison.
  2266 | D:3      | 2266 ||| INVOKING Spit Poison.
  2269 | D:3      | HP: 10/49 [Terence/+0 flail (7)]
  2270 | D:3      | 2270 ||| READING scroll of teleportation.
  2271 | D:3      | 2271 ||| INVOKING Spit Poison.
  2271 | D:3      | Killed Terence
  2518 | D:3      | 2518 ||| UPGRADING to +0 pair of gloves.
  2523 | D:3      | 2523 ||| READING scroll labelled PYNUIN QICOC.
  2524 | D:3      | 2524 ||| READING 2 scrolls of identify.
  2524 | D:3      | 2524 ||| IDENTIFYING pink potion
  2565 | D:4      | 2565 ||| INVOKING Spit Poison.
  2567 | D:4      | 2567 ||| Stepping ~*~*~tactically~*~*~ (outnumbered).
  2569 | D:4      | 2569 ||| Stepping ~*~*~tactically~*~*~ (outnumbered).
  2570 | D:4      | 2570 ||| INVOKING Spit Poison.
  2572 | D:4      | 2572 ||| DRINKING potion of curing.
  2572 | D:4      | 2572 ||| (to cure confusion)
  2575 | D:4      | 2575 ||| INVOKING Spit Poison.
  2578 | D:4      | 2578 ||| INVOKING Spit Poison.
  2581 | D:4      | Reached skill level 6 in Ranged Weapons
  2585 | D:4      | 2585 ||| INVOKING Spit Poison.
  2588 | D:4      | Reached XP level 6. HP: 37/56 MP: 6/6
  2672 | D:4      | 2672 ||| INVOKING Spit Poison.
  2696 | D:4      | 2696 ||| INVOKING Spit Poison.
  2755 | D:4      | 2755 ||| INVOKING Spit Poison.
  2758 | D:4      | 2758 ||| INVOKING Spit Poison.
  2795 | D:4      | 2795 ||| INVOKING Spit Poison.
  2874 | D:4      | 2874 ||| INVOKING Spit Poison.
  2935 | D:4      | 2935 ||| Stepping ~*~*~tactically~*~*~ (outnumbered).
  2936 | D:4      | 2936 ||| Stepping ~*~*~tactically~*~*~ (outnumbered).
  2937 | D:4      | 2937 ||| INVOKING Spit Poison.
  2944 | D:4      | 2944 ||| INVOKING Spit Poison.
  2951 | D:4      | 2951 ||| INVOKING Spit Poison.
  3139 | D:4      | Found Ea-nāṣir's Fine Metal Goods.
  3143 | D:4      | 3143 ||| SHOPLISTING glowing hand crossbow (149 gold, have
                  | 143).
  3143 | D:4      | 3143 ||| SHOPLISTING runed hand crossbow (149 gold, have
                  | 143).
  3355 | D:4      | 3355 ||| INVOKING Spit Poison.
  3358 | D:4      | 3358 ||| INVOKING Spit Poison.
  3361 | D:4      | 3361 ||| INVOKING Spit Poison.
  3485 | D:4      | Found a white marble altar of Elyvilon.
  3485 | D:4      | Found a broken altar of Ashenzari.
  3666 | D:4      | 3666 ||| INVOKING Spit Poison.
  3671 | D:4      | 3671 ||| INVOKING Spit Poison.
  3674 | D:4      | 3674 ||| INVOKING Spit Poison.
  3702 | D:4      | Noticed an orc warrior
  3703 | D:4      | 3703 ||| INVOKING Spit Poison.
  3707 | D:4      | 3707 ||| INVOKING Spit Poison.
  3713 | D:4      | 3713 ||| INVOKING Spit Poison.
  3715 | D:4      | HP: 13/57 [orc/+0 mace (4)]
  3717 | D:4      | HP: 6/57 [orc warrior/+0 flail (2)]
  3718 | D:4      | Killed an orc warrior
  3719 | D:4      | Reached XP level 7. HP: 5/64 MP: 7/7
  3719 | D:4      | 3719 ||| INVOKING Spit Poison.
  3722 | D:4      | HP: 4/64 [orc/+0 club (1)]
  3722 | D:4      | HP: 1/64 [orc priest/+0 dagger (3)]
  3723 | D:4      | Slain by an orc

Levels and vault maps discovered:
D:1:      erik_arrival_cave_to_civilisation [erik_arrival_cave_to_hall],
          layout_loops_ring, serial_shops, shop, minivault_14
D:2:      layout_basic, uniq_natasha
D:3:      layout_loops_ring, serial_glass, glass_columns_b, glass_columns_a,
          glass_columns_a, glass_columns_c, glass_columns_a, glass_columns_c,
          serial_bayou_lake_a, uniq_terence
D:4:      layout_layer_cave, gammafunk_temple_overflow_statue,
          nicolae_ea-nasir_strikes_again, chequers_serial_rivers_micro_a,
          chequers_serial_rivers_small_3, guppyfry_early_orc_mine

Skill      XL: |  1  2  3  4  5  6 |
---------------+-------------------+-----
Ranged Weapons | 4 5 6 |  6.6
Fighting       | 3 4 |  4.2
Dodging        | |  1.5
Stealth        | |  1.5

Action                     |  1- 3 |  4- 6 |  7- 9 || total
---------------------------+-------+-------+-------++-------
   Fire: Shortbow          |    46 |   154 |     4 ||   204
Ability: Spit Poison       |    24 |    50 |     1 ||    75
    Use: Scroll            |     3 |     5 |       ||     8
         Potion            |       |     2 |       ||     2
 Armour: Leather armour    |     3 |    21 |     1 ||    25
  Dodge: Dodged            |    17 |    43 |     3 ||    63

Table legend:
 A = Non-vault XP
 B = Vault XP
 C = Vault XP percentage of total XP
 D = Non-vault monster count
 E = Vault monster count
 F = Vault count percentage of total count
                 A         B        C        D         E       F
            +---------+---------+-------+---------+---------+-------
      Total |     417 |     247 |  37.2 |      79 |       9 |  10.2
            +---------+---------+-------+---------+---------+-------
        D:1 |      31 |       2 |   6.1 |      18 |       2 |  10.0
        D:2 |      97 |      35 |  26.5 |      21 |       1 |   4.5
        D:3 |      45 |      36 |  44.4 |      18 |       1 |   5.3
        D:4 |     244 |     174 |  41.6 |      22 |       5 |  18.5
            +---------+---------+-------+---------+---------+-------
